 Dungeon Sprint DCSS version 0.20-a0-1043-gbd57889 (webtiles) character file.

10220 lordofpotatos the Unseen (level 11, 0/66 HPs)
             Began as a Spriggan Assassin on Apr 24, 2017.
             Splashed by an acid blob's acid (12 damage)
             ... in the Dungeon (Sprint V: "Ziggurat Sprint").
             The game lasted 00:23:16 (1097 turns).

lordofpotatos the Unseen (Spriggan Assassin)        Turns: 1097, Time: 00:23:19

Health: 0/66       AC:  5    Str: 17    XL:     11   Next: 33%
Magic:  1/13       EV: 44    Int: 12    God:
Gold:   0          SH:  0    Dex: 34    Spells: 10/10 levels left

rFire    + + .     SeeInvis +   z - +5 rapier
rCold    . . .     Gourm    .   (shield restricted)
rNeg     . . .     Faith    .   f - +2 robe {rF+}
rPois    .         Spirit   .   (helmet restricted)
rElec    .         Reflect  .   d - +0 cloak
rCorr    .         Harm     +   (gloves unavailable)
MR       +....     NoTele   +   (boots unavailable)
Stlth    +++++++++.             b - amulet of Bootzut {Harm *Drain rF+ Str+5 Slay+2}
Regen    0.3/turn               x - +6 ring of dexterity
MPRegen  0.2/turn               y - +6 ring of dexterity

@: mighty, corroded, very slightly contaminated, very quick
A: unfitting armour, repulsion field 1, icy blue scales 1, slimy green scales 1,
see invisible, herbivore 3, speed 3, high mp 1, slow metabolism 2, acidic bite,
eyeballs 1, gelatinous body 1, pseudopods 3
a: no special abilities


You were in the Dungeon.
You were very full.

You visited 1 branch

Inventory:

Hand Weapons
 z - a +5 rapier (weapon)
Armour
 d - a +0 cloak (worn)
 f - a +2 robe of fire resistance (worn)
Jewellery
 b - the amulet of Bootzut (around neck) {Harm *Drain rF+ Str+5 Slay+2}
   (You found it in the Dungeon)

   [amulet of harm]

   It increases damage dealt and taken.
   It affects your strength (+5).
   It affects your accuracy and damage with ranged weapons and melee attacks
   (+2).
   It protects you from fire.
   It causes draining when unequipped.
 x - a +6 ring of dexterity (left hand)
 y - a +6 ring of dexterity (right hand)
Scrolls
 m - 4 scrolls of blinking
 p - 4 scrolls of amnesia
 q - 3 scrolls of recharging
 r - 7 scrolls of fog
 s - a scroll of holy word
 t - 5 scrolls of identify
 u - 5 scrolls of remove curse
 v - 2 scrolls of fear
Potions
 a - 2 potions of brilliance
 e - 4 potions of resistance
 h - 6 potions of curing
 i - 3 potions of heal wounds
 j - 10 potions of haste
 k - 7 potions of magic
 l - 2 potions of berserk rage
 n - 4 potions of agility
 o - 4 potions of might
Comestibles
 g - 5 bread rations
 w - 42 fruits


   Skills:
 + Level 12.0 Fighting
 + Level 15.1 Short Blades
 - Level 2.0 Throwing
 + Level 18.7 Dodging
 + Level 20.6 Stealth


You had 10 spell levels left.
You didn't know any spells.

Dungeon Overview and Level Annotations

Branches:
Dungeon (1/1)

Altars:
Ashenzari
Cheibriados
Dithmenos
Elyvilon
Fedhas
Gozag
Hepliaklqana
Kikubaaqudgha
Makhleb
Nemelex Xobeh
Okawaru
Qazlal
Ru
Sif Muna
Trog
Uskayaw
Vehumet
Wu Jian
Xom
Yredelemnul
Zin
The Shining One
Beogh
Jiyva
Lugonu


Innate Abilities, Weirdness & Mutations

You are very small and have problems with some larger weapons.
You are too small for most types of armour.
You have supernaturally acute eyesight. (SInv)
You are a herbivore.
You cover ground extremely quickly.
You need consume almost no food.
You are surrounded by a mild repulsion field. (EV +2)
You are partially covered in icy blue scales. (AC +2)
You are partially covered in slimy green scales. (AC +2)
You have an increased reservoir of magic. (+10% MP)
You have acidic saliva.
Your body has grown golden eyes which may confuse attackers. (Acc +3)
Your rubbery body absorbs attacks. (AC +1, EV +1)
Armour fits poorly on your massive pseudopods.


Message History

You feel your power leaking away.
You puncture the slime creature! You bite the slime creature.
The slime creature is splashed with acid.
The acid corrodes the slime creature!
You kill the slime creature!
The jelly completely misses you.
You puncture the jelly!
You kill the jelly!
You puncture the acid blob!
Your hands burn!
You bludgeon the acid blob.
The acid blob is moderately wounded.
You puncture the acid blob! The acid corrodes you!
Your hands burn!
You bludgeon the acid blob.
The acid blob is heavily wounded.
You hit the acid blob.
Your hands burn!
The acid blob is heavily wounded.
The acid blob hits you!!
Ouch! That really hurt!
* * * LOW HITPOINT WARNING * * *
You are splashed with acid!
The acid burns!
You die...

▓.........▓.......▓
▓▓▓▓▓▓▓▓▓▓▓▓▓▓▓▓▓▓▓▓▓
▓...8©8...▓...8©8...▓
▓..[[!):..▓..:=.:...▓
▓..):)|[..▓...):.|".▓
▓.........▓..(((....▓
▓....G....▓.)..(....▓
▓...JJG...▓(.).)....▓
▓....@....▓.........▓
▓.........▓(........▓
▓.▓.....▓.▓.(...(((.▓
▓.........▓▓▓▓▓▓▓▓▓▓▓
▓▓▓▓▓▓▓▓▓▓▓


You could see an acid blob, a large slime creature and 2 eyes of draining.

Vanquished Creatures
  An acid blob (D)
  A death ooze (D)
  A great orb of eyes (D)
  2 dancing weapons (D)
  A glowing orange brain (D)
  A deep elf mage (D)
  3 cyclopes (D)
  2 draconians (D)
  A shining eye (D)
  A rime drake (D)
  4 merfolk (D)
  3 hippogriffs (D)
  A slime creature (D)
  A tarantella (D)
  4 spriggans (D)
  A steam dragon (D)
  A hell hound (D)
  2 orc warriors (D)
  3 swamp drakes (D)
  A black bear (D)
  3 wolves (D)
  A phantom (D)
  3 centaurs (D)
  2 necrophages (D)
  3 scorpions (D)
  2 jellies (D)
  2 orc priests (D)
  A white imp (D)
  3 orcs (D)
  2 bat skeletons (D)
  2 bat zombies (D)
  A quokka skeleton (D)
60 creatures vanquished.

Vanquished Creatures (others)
  A merfolk (D)
  A hippogriff (D)
  A golden eye (D)
  6 jellies (D)
  An adder zombie (D)
10 creatures vanquished.

Grand Total: 70 creatures vanquished

Notes
Turn   | Place    | Note
-------+----------+-------------------------------------------
     0 | D        | lordofpotatos the Spriggan Assassin began the quest for the Orb.
     0 | D        | Reached XP level 1. HP: 10/10 MP: 2/2
     4 | D        | Found a blossoming altar of Fedhas.
     5 | D        | Found a viscous altar of Jiyva.
     5 | D        | Found an ancient bone altar of Kikubaaqudgha.
     5 | D        | Found a hazy altar of Hepliaklqana.
     5 | D        | Found a corrupted altar of Lugonu.
     5 | D        | Found an opulent altar of Gozag.
     5 | D        | Found a burning altar of Makhleb.
     7 | D        | Found a deep blue altar of Sif Muna.
     7 | D        | Found a sacrificial altar of Ru.
     7 | D        | Found a bloodstained altar of Trog.
     7 | D        | Found a stormy altar of Qazlal.
     7 | D        | Found an iron altar of Okawaru.
     7 | D        | Found a sparkling altar of Nemelex Xobeh.
    68 | D        | Became a worshipper of Jiyva Jiemo the Shapeless
    73 | D        | Reached * piety under Jiyva
    75 | D        | Reached ** piety under Jiyva
    75 | D        | Reached *** piety under Jiyva
    75 | D        | Gained mutation: You have a somewhat thin skeletal structure. (Dex +2, Stealth) [Jiyva's grace]
    75 | D        | Reached **** piety under Jiyva
    75 | D        | Gained mutation: You are resistant to hostile enchantments. (MR+) [Jiyva's grace]
    75 | D        | Reached ***** piety under Jiyva
    75 | D        | Gained mutation: Your flesh is heat resistant. (rF+) [Jiyva's grace]
    75 | D        | Gained mutation: You are robust. (+10% HP) [Jiyva's grace]
    77 | D        | Reached ****** piety under Jiyva
    77 | D        | Gained mutation: You have a small jelly attached to you that senses nearby items. [Jiyva's grace]
    80 | D        | Gained mutation: You are agile. (Dex +2) [Jiyva's grace]
    86 | D        | Gained mutation: You are highly resistant to hostile enchantments. (MR++) [Jiyva's grace]
    86 | D        | Lost mutation: You are agile. (Dex +2) [Jiyva's grace]
    86 | D        | Lost mutation: You are robust. (+10% HP) [Jiyva's grace]
    88 | D        | Gained mutation: Armour fits poorly on your pseudopods. [Jiyva's grace]
    88 | D        | Gained mutation: You possess an exceptional clarity of mind. [Jiyva's grace]
    88 | D        | Gained mutation: Your translucent skin slightly reduces your foes' accuracy. (Stealth) [Jiyva's grace]
    88 | D        | Lost mutation: You have a somewhat thin skeletal structure. (Dex +2, Stealth) [Jiyva's grace]
    88 | D        | Gained mutation: You are agile. (Dex +2) [Jiyva's grace]
    88 | D        | Gained mutation: You are partially covered in slimy green scales. (AC +2) [Jiyva's grace]
    88 | D        | Lost mutation: You are highly resistant to hostile enchantments. (MR++) [Jiyva's grace]
    88 | D        | Gained mutation: You have an increased reservoir of magic. (+10% MP) [Jiyva's grace]
    88 | D        | Lost mutation: You possess an exceptional clarity of mind. [Jiyva's grace]
    88 | D        | Lost mutation: You are agile. (Dex +2) [Jiyva's grace]
    88 | D        | Gained mutation: You are agile. (Dex +2) [Jiyva's grace]
    91 | D        | Gained mutation: You have acidic saliva. [Jiyva's grace]
    91 | D        | Lost mutation: Your flesh is heat resistant. (rF+) [Jiyva's grace]
    91 | D        | Gained mutation: You have a small jelly attached to you that may absorb incoming projectiles. [Jiyva's grace]
    93 | D        | Gained mutation: Your flesh is cold resistant. (rC+) [Jiyva's grace]
    93 | D        | Lost mutation: You have a small jelly attached to you that may absorb incoming projectiles. [Jiyva's grace]
    93 | D        | Lost mutation: You have an increased reservoir of magic. (+10% MP) [Jiyva's grace]
    94 | D        | Gained mutation: You have a pair of small horns on your head. [Jiyva's grace]
    95 | D        | Gained mutation: You have a small jelly attached to you that may absorb incoming projectiles. [Jiyva's grace]
    95 | D        | Lost mutation: You are partially covered in slimy green scales. (AC +2) [Jiyva's grace]
    95 | D        | Gained mutation: You expend magic power (3 MP) to strengthen your wands. [Jiyva's grace]
    95 | D        | Lost mutation: You have a small jelly attached to you that may absorb incoming projectiles. [Jiyva's grace]
    95 | D        | Lost mutation: You expend magic power (3 MP) to strengthen your wands. [Jiyva's grace]
    97 | D        | Gained mutation: Your spells are a little harder to cast, but a little more powerful. [Jiyva's grace]
    97 | D        | Lost mutation: You have a pair of small horns on your head. [Jiyva's grace]
    97 | D        | Lost mutation: Your flesh is cold resistant. (rC+) [Jiyva's grace]
    97 | D        | Lost mutation: Your spells are a little harder to cast, but a little more powerful. [Jiyva's grace]
    97 | D        | Lost mutation: You are agile. (Dex +2) [Jiyva's grace]
    99 | D        | Gained mutation: You are resistant to electric shocks. (rElec) [Jiyva's grace]
    99 | D        | Gained mutation: You are partially covered in icy blue scales. (AC +2) [Jiyva's grace]
   101 | D        | Lost mutation: You have acidic saliva. [Jiyva's grace]
   107 | D        | Lost mutation: You are resistant to electric shocks. (rElec) [Jiyva's grace]
   112 | D        | Gained mutation: You have large cloven feet. [Jiyva's grace]
   117 | D        | Gained mutation: You have acidic saliva. [Jiyva's grace]
   119 | D        | Gained mutation: You are agile. (Dex +2) [Jiyva's grace]
   123 | D        | Lost mutation: You are resistant to hostile enchantments. (MR+) [Jiyva's grace]
   130 | D        | Gained mutation: You possess an exceptional clarity of mind. [Jiyva's grace]
   133 | D        | Gained mutation: Your system is resistant to poisons. (rPois) [Jiyva's grace]
   137 | D        | Gained mutation: You are partially covered in large bone plates. (SH +4) [Jiyva's grace]
   141 | D        | Gained mutation: Your mind is acute. (Int +2) [Jiyva's grace]
   146 | D        | Lost mutation: Armour fits poorly on your pseudopods. [Jiyva's grace]
   151 | D        | Gained mutation: Your body has grown golden eyes which may confuse attackers. (Acc +3) [Jiyva's grace]
   158 | D        | Gained mutation: You have a small jelly attached to you that may absorb incoming projectiles. [Jiyva's grace]
   162 | D        | Lost mutation: Your mind is acute. (Int +2) [Jiyva's grace]
   164 | D        | Killed a golden eye
   166 | D        | Gained mutation: Your muscles are strong. (Str +2) [Jiyva's grace]
   166 | D        | Gained mutation: You are dopey. (Int -2) [Jiyva's grace]
   167 | D        | Lost mutation: You are dopey. (Int -2) [Jiyva's power]
   168 | D        | Gained mutation: You passively map a small area around you. [Jiyva's grace]
   168 | D        | Lost mutation: You have a small jelly attached to you that may absorb incoming projectiles. [Jiyva's grace]
   168 | D        | Gained mutation: You have a small jelly attached to you that may absorb incoming projectiles. [Jiyva's grace]
   169 | D        | Gained mutation: Armour fits poorly on your pseudopods. [Jiyva's grace]
   170 | D        | Gained mutation: You are resistant to hostile enchantments. (MR+) [Jiyva's grace]
   170 | D        | Gained mutation: You are highly resistant to hostile enchantments. (MR++) [Jiyva's grace]
   170 | D        | Lost mutation: You passively map a small area around you. [Jiyva's grace]
   170 | D        | Lost mutation: Your body has grown golden eyes which may confuse attackers. (Acc +3) [Jiyva's grace]
   170 | D        | Gained mutation: Your rubbery body absorbs attacks. (AC +1, EV +1) [Jiyva's grace]
   171 | D        | Lost mutation: Your translucent skin slightly reduces your foes' accuracy. (Stealth) [Jiyva's grace]
   171 | D        | Lost mutation: Your muscles are strong. (Str +2) [Jiyva's grace]
   171 | D        | Lost mutation: Your rubbery body absorbs attacks. (AC +1, EV +1) [Jiyva's grace]
   172 | D        | Lost mutation: You are highly resistant to hostile enchantments. (MR++) [Jiyva's grace]
   177 | D        | Gained mutation: You are partially covered in iridescent scales. (AC +2) [Jiyva's grace]
   185 | D        | Lost mutation: You are resistant to hostile enchantments. (MR+) [Jiyva's grace]
   190 | D        | Gained mutation: You passively map a small area around you. [Jiyva's grace]
   195 | D        | Gained mutation: You have an increased reservoir of magic. (+10% MP) [Jiyva's grace]
   201 | D        | Gained mutation: You have a pair of small horns on your head. [Jiyva's grace]
   203 | D        | Gained mutation: Your body has grown golden eyes which may confuse attackers. (Acc +3) [Jiyva's grace]
   203 | D        | Gained mutation: You are very agile. (Dex +4) [Jiyva's grace]
   203 | D        | Lost mutation: You have a pair of small horns on your head. [Jiyva's grace]
   203 | D        | Lost mutation: You possess an exceptional clarity of mind. [Jiyva's grace]
   203 | D        | Gained mutation: You have a considerably increased reservoir of magic. (+20% MP) [Jiyva's grace]
   204 | D        | Lost mutation: Armour fits poorly on your pseudopods. [Jiyva's grace]
   206 | D        | Lost mutation: You have acidic saliva. [Jiyva's grace]
   206 | D        | Lost mutation: You have large cloven feet. [Jiyva's grace]
   211 | D        | Gained mutation: Your mind is acute. (Int +2) [Jiyva's grace]
   215 | D        | Lost mutation: Your mind is acute. (Int +2) [Jiyva's grace]
   220 | D        | Gained mutation: You are covered in slimy tendrils that may disarm your opponents. [Jiyva's grace]
   229 | D        | Lost mutation: Your body has grown golden eyes which may confuse attackers. (Acc +3) [Jiyva's grace]
   233 | D        | Gained mutation: Your rubbery body absorbs attacks. (AC +1, EV +1) [Jiyva's grace]
   238 | D        | Gained mutation: Armour fits poorly on your pseudopods. [Jiyva's grace]
   242 | D        | Gained mutation: You have acidic saliva. [Jiyva's grace]
   245 | D        | Lost mutation: Your system is resistant to poisons. (rPois) [Jiyva's grace]
   252 | D        | Gained mutation: Your translucent skin slightly reduces your foes' accuracy. (Stealth) [Jiyva's grace]
   256 | D        | Gained mutation: Armour fits poorly on your large pseudopods. [Jiyva's grace]
   260 | D        | Lost mutation: Your rubbery body absorbs attacks. (AC +1, EV +1) [Jiyva's grace]
   271 | D        | Gained mutation: Armour fits poorly on your massive pseudopods. [Jiyva's grace]
   275 | D        | Gained mutation: You have large cloven feet. [Jiyva's grace]
   282 | D        | Lost mutation: You have a small jelly attached to you that senses nearby items. [Jiyva's grace]
   285 | D        | Lost mutation: You are very agile. (Dex +4) [Jiyva's grace]
   290 | D        | Lost mutation: You have large cloven feet. [Jiyva's grace]
   292 | D        | Gained mutation: Your rubbery body absorbs attacks. (AC +1, EV +1) [Jiyva's grace]
   293 | D        | Gained mutation: Your body has grown golden eyes which may confuse attackers. (Acc +3) [Jiyva's grace]
   293 | D        | Gained mutation: Your flesh is cold resistant. (rC+) [Jiyva's grace]
   299 | D        | Lost mutation: You are partially covered in large bone plates. (SH +4) [Jiyva's grace]
   310 | D        | Lost mutation: You are partially covered in iridescent scales. (AC +2) [Jiyva's grace]
   323 | D        | Lost mutation: You are covered in slimy tendrils that may disarm your opponents. [Jiyva's grace]
   335 | D        | Lost mutation: You are agile. (Dex +2) [Jiyva's grace]
   336 | D        | Lost mutation: Your translucent skin slightly reduces your foes' accuracy. (Stealth) [Jiyva's grace]
   336 | D        | Lost mutation: You passively map a small area around you. [Jiyva's grace]
   336 | D        | Lost mutation: You have a considerably increased reservoir of magic. (+20% MP) [Jiyva's grace]
   340 | D        | Lost mutation: You have a small jelly attached to you that may absorb incoming projectiles. [Jiyva's grace]
   349 | D        | Lost mutation: You have acidic saliva. [Jiyva's grace]
   358 | D        | Gained mutation: You are surrounded by a mild repulsion field. (EV +2) [Jiyva's grace]
   365 | D        | Lost mutation: Your flesh is cold resistant. (rC+) [Jiyva's grace]
   371 | D        | Gained mutation: You are partially covered in slimy green scales. (AC +2) [Jiyva's grace]
   377 | D        | Gained mutation: You have a small jelly attached to you that may absorb incoming projectiles. [Jiyva's grace]
   384 | D        | Lost mutation: You are partially covered in icy blue scales. (AC +2) [Jiyva's grace]
   395 | D        | Gained mutation: You are robust. (+10% HP) [Jiyva's grace]
   399 | D        | Lost mutation: You have a small jelly attached to you that may absorb incoming projectiles. [Jiyva's grace]
   409 | D        | Gained mutation: You have acidic saliva. [Jiyva's grace]
   423 | D        | Gained mutation: You are partially covered in icy blue scales. (AC +2) [Jiyva's grace]
   424 | D        | Fell from the grace of Jiyva
   425 | D        | Entered arena 1.
   425 | D        | Noticed a draconian
   425 | D        | Noticed a draconian
   442 | D        | Reached skill level 5 in Dodging
   442 | D        | Reached skill level 8 in Stealth
   442 | D        | Reached XP level 2. HP: 17/17 MP: 3/3
   448 | D        | Killed a draconian
   448 | D        | Reached skill level 10 in Dodging
   448 | D        | Reached skill level 12 in Stealth
   448 | D        | Reached XP level 3. HP: 25/25 MP: 4/4
   448 | D        | Reached XP level 4. HP: 30/30 MP: 5/5
   448 | D        | Reached XP level 5. HP: 35/35 MP: 6/6
   448 | D        | Reached XP level 6. HP: 39/39 MP: 7/7
   452 | D        | Killed a draconian
   452 | D        | Reached skill level 13 in Stealth
   452 | D        | Reached XP level 7. HP: 46/46 MP: 8/8
   468 | D        | Entered arena 2.
   468 | D        | Noticed a broad axe of freezing
   468 | D        | Noticed a battleaxe of chopping
   468 | D        | Noticed a deep elf mage
   474 | D        | Killed a deep elf mage
   474 | D        | Reached skill level 10 in Short Blades
   474 | D        | Reached skill level 14 in Stealth
   474 | D        | Reached XP level 8. HP: 51/51 MP: 9/9
   475 | D        | Killed a battleaxe of chopping
   475 | D        | Reached skill level 15 in Stealth
   477 | D        | Killed a broad axe of freezing
   477 | D        | Reached skill level 16 in Stealth
   477 | D        | Reached XP level 9. HP: 58/58 MP: 10/10
   482 | D        | Entered arena 3.
   506 | D        | Entered arena 4.
   520 | D        | Reached skill level 15 in Dodging
   535 | D        | Entered arena 5.
   535 | D        | Noticed a rime drake
   566 | D        | Reached skill level 17 in Stealth
   594 | D        | Killed a rime drake
   621 | D        | Noticed a glowing orange brain
   621 | D        | Noticed a death ooze
   631 | D        | Killed a death ooze
   634 | D        | Killed a glowing orange brain
   640 | D        | Entered arena 6.
   640 | D        | Noticed a merfolk
   640 | D        | Noticed a merfolk
   640 | D        | Noticed a merfolk
   640 | D        | Noticed a cyclops
   647 | D        | Killed a cyclops
   647 | D        | Reached skill level 10 in Fighting
   659 | D        | Reached XP level 10. HP: 64/64 MP: 12/12
   667 | D        | Reached skill level 18 in Stealth
   705 | D        | Entered arena 7.
   735 | D        | Entered arena 8.
   783 | D        | Entered arena 9.
   829 | D        | Reached skill level 19 in Stealth
   864 | D        | Lost mutation: You are robust. (+10% HP) [mutagenic glow]
   974 | D        | Entered arena 10.
   974 | D        | Noticed a cyclops
   974 | D        | Noticed a cyclops
  1005 | D        | Killed a cyclops
  1012 | D        | Killed a cyclops
  1014 | D        | Got the amulet of Bootzut {Harm *Drain rF+ Str+5 Slay+2}
  1017 | D        | Got the amulet "Tuhyamuy" {Spirit MR+}
  1077 | D        | Entered arena 11.
  1077 | D        | Noticed an acid blob
  1077 | D        | Noticed a shining eye
  1077 | D        | Noticed a great orb of eyes
  1078 | D        | Noticed an acid blob
  1084 | D        | Killed an acid blob
  1084 | D        | Reached skill level 20 in Stealth
  1084 | D        | Reached XP level 11. HP: 55/66 MP: 10/13
  1088 | D        | Killed a great orb of eyes
  1090 | D        | Killed a shining eye
  1090 | D        | Reached skill level 15 in Short Blades
  1097 | D        | Splashed by an acid blob's acid

Vault maps used:
D:        sprint_v

Skill      XL: |  1  2  3  4  5  6  7  8  9 10 11 |
---------------+----------------------------------+-----
Fighting       | 3 6 7 9 10 11 12 | 12.0
Short Blades   | 4 8 9 10 11 12 14 15 | 15.1
Dodging        | 5 10 11 12 14 15 18 | 18.7
Stealth        | 8 12 13 14 16 17 20 | 20.6
Throwing       | |  2.0

Action                   |  1- 3 |  4- 6 |  7- 9 | 10-12 || total
-------------------------+-------+-------+-------+-------++-------
Melee: Rapier            |     7 |     4 |    65 |   129 ||   205
       Pseudopods        |     2 |     2 |    21 |    32 ||    57
       Bite              |       |       |    13 |    29 ||    42
Invok: Cure Bad Mutation |     1 |       |       |       ||     1
       Renounce Religion |     1 |       |       |       ||     1
  Use: Potion            |     3 |       |     9 |     6 ||    18
 Stab: Invisible         |     4 |     2 |       |     7 ||    13
       Sleeping          |       |       |     5 |     2 ||     7
       Confused          |       |       |     3 |     1 ||     4
Armor: Robe              |       |       |     4 |     6 ||    10
Dodge: Dodged            |    11 |     1 |   118 |   183 ||   313
